 Dungeon Crawl Stone Soup version 0.22.1-5-g62c59d9 (webtiles) character file.

1325842 dvd the Vine Barricade (level 27, -3/172 HPs)
             Began as a Vine Stalker Fighter on Jan 5, 2019.
             Was the Champion of Makhleb.
             Killed by divine providence
             ... invoked by a smoke demon
              (8 damage)
             ... on level 21 of a ziggurat on Jan 7, 2019.
             The game lasted 06:20:07 (68042 turns).

dvd the Vine Barricade (Vine Stalker Fighter)      Turns: 68042, Time: 06:20:09

Health: -3/172     AC: 44    Str: 33    XL:     27
Magic:  0/57       EV: 18    Int: 14    God:    Makhleb [******]
Gold:   13004      SH: 38    Dex: 28    Spells: 21/64 levels left

rFire    + + +     SeeInvis +   a - +9 broad axe "Diasin" {chop, rPois SInv}
rCold    + + +     Gourm    .   X - +8 large shield {rC+}
rNeg     + + +     Faith    .   M - +8 plate armour "Qonitiah" {rF+}
rPois    +         Spirit   +   g - +3 hat of Pondering {ponderous, MR+ MP+10 Int+5}
rElec    +         Reflect  .   Y - scarf {rC+ rF+}
rCorr    +         Harm     .   J - +2 pair of gloves of the Locust {Regen+ rCorr Str+4}
MR       +++++     Clarity  +   H - +2 pair of boots {run} Stlth ..........Rnd*Tele +
                                R - amulet of the Four Winds {rN+ MR+++ Clar}
HPRegen  1.58/turn              s - ring "Wuits" {rN++ MR- AC+6 Str+6}
MPRegen  0.35/turn              B - ring "Liuttom" {rElec rF+ rC+ Int+3 Dex+7 Stlth-}

@: lethally poisoned (-3 -> -3), studying 3 skills
A: fangs 3, horns 2, molten scales 1, blink, blurry vision 1, dopey 1, poison
resistance, regeneration 2, electricity resistance, teleportitis 1, weak 1,
magic shield, antimagic bite, no potion heal 3, rot immunity, MP-powered wands
}: 14/15 runes: serpentine, barnacled, slimy, silver, iron, obsidian, icy, bone,
abyssal, demonic, glowing, magical, fiery, dark
a: Blink, Minor Destruction, Lesser Servant of Makhleb, Major Destruction,
Greater Servant of Makhleb, Renounce Religion


You were on level 21 of a ziggurat.
You worshipped Makhleb.
Makhleb was exalted by your worship.
You were not hungry.

You visited 16 branches of the dungeon, and saw 82 of its levels.
You visited Pandemonium 1 time, and saw 17 of its levels.
You visited the Abyss 1 time.
You visited 1 bazaar.
You visited 1 ziggurat, and saw 21 of its levels.
You also visited: Trove, Ossuary and Ice Cave.

You collected 16131 gold pieces.
You spent 3127 gold pieces at shops.

Inventory:

Hand Weapons
 a - the +9 broad axe "Diasin" (weapon) {chop, rPois SInv}
   (You found it on level 1 of the Elven Halls)

   It inflicts extra damage upon your enemies.
   It protects you from poison.
   It lets you see invisible.
 S - the +7 broad axe of Satyriasis {chop, Str+5}
   (You found it on level 10 of a ziggurat)

   It inflicts extra damage upon your enemies.
   It affects your strength (+5).
Missiles
 b - 19 javelins of penetration
 P - 23 javelins of returning (quivered)
Armour
 g - the +3 hat of Pondering (worn) {ponderous, MR+ MP+10 Int+5}
   (You found it on level 6 of the Lair of Beasts)

   It affects your intelligence (+5).
   It affects your resistance to hostile enchantments.
   It affects your magic capacity (+10).
 H - a +2 pair of boots of running (worn)
 J - the +2 pair of gloves of the Locust (worn) {Regen+ rCorr Str+4}
   (You found it in Pandemonium)

   It affects your strength (+4).
   It increases your rate of regeneration.
   It provides partial protection from all sources of acid and corrosion.
 M - the +8 plate armour "Qonitiah" (worn) {rF+}
   (You took it off a death knight on level 3 of the Crypt)

   It protects you from fire.
 X - a +8 large shield of cold resistance (worn)
 Y - a scarf of resistance (worn)
Jewellery
 s - the ring "Wuits" (left hand) {rN++ MR- AC+6 Str+6}
   (You took it off a deep elf death mage on level 3 of the Elven Halls)

   [ring of protection]

   It affects your AC (+6).
   It affects your strength (+6).
   It greatly protects you from negative energy.
   It affects your resistance to hostile enchantments.
 B - the ring "Liuttom" (right hand) {rElec rF+ rC+ Int+3 Dex+7 Stlth-}
   (You found it on level 7 of the Iron City of Dis)

   [ring of intelligence]

   It affects your intelligence (+3).
   It affects your dexterity (+7).
   It protects you from fire.
   It protects you from cold.
   It insulates you from electricity.
   It makes you less stealthy.
 D - the ring of Ytuasail {Wiz rPois Str+3}
   (You found it on level 16 of a ziggurat)

   [ring of wizardry]

   It improves your spell success rate.
   It affects your strength (+3).
   It protects you from poison.
 R - the amulet of the Four Winds (around neck) {rN+ MR+++ Clar}
   (You found it on level 7 of the Iron City of Dis)

   [amulet of nothing]

   It protects you from negative energy.
   It affects your resistance to hostile enchantments.
   It protects you against confusion.
Wands
 k - a wand of disintegration (22)
 q - a wand of scattershot (5)
 v - a wand of digging (35)
 G - a wand of iceblast (56)
 K - a wand of flame (137)
 L - a wand of acid (21)
 Q - a wand of clouds (23)
Scrolls
 e - 2 scrolls of holy word
 h - 35 scrolls of remove curse
 i - 15 scrolls of identify
 m - 7 scrolls of enchant armour
 n - 4 scrolls of silence
 o - 2 scrolls of amnesia
 p - 43 scrolls of teleportation
 r - 4 scrolls of magic mapping
 w - 2 scrolls of summoning
 x - 12 scrolls of fog
 C - 13 scrolls of enchant weapon
 F - 15 scrolls of blinking
 I - 10 scrolls of fear
 V - 2 scrolls of acquirement
Potions
 c - 15 potions of flight
 d - 2 potions of might
 j - 2 potions of invisibility
 l - 25 potions of curing
 t - 12 potions of brilliance
 u - 2 potions of agility
 y - 2 potions of magic
 A - 6 potions of haste
 E - a potion of ambrosia
 N - 2 potions of mutation
 T - 4 potions of resistance
 Z - 4 potions of cancellation
Books
 O - a manual of Air Magic
 U - a manual of
Armour
 W - a manual of Throwing
Comestibles
 f - 80 rations


   Skills:
 + Level 26.3 Fighting
 O Level 27 Axes
 + Level 1.3 Throwing
 * Level 17.4 Armour
 + Level 10.7 Dodging
 + Level 8.2 Stealth
 O Level 27 Shields
 * Level 19.0 Spellcasting
 * Level 7.0 Charms
 * Level 18.5 Summonings
 * Level 7.4 Necromancy
 * Level 13.9 Translocations
 + Level 1.4 Air Magic
 * Level 18.0 Invocations
 + Level 2.7 Evocations


You had 21 spell levels left.
You knew the following spells:

 Your Spells              Type           Power        Failure   Level  Hunger
a - Summon Small Mammal   Summ           ####         0%          1    None
b - Blink                 Tloc           N/A          1%          2    None
c - Apportation           Tloc           ######       1%          1    None
d - Aura of Abjuration    Summ           ######....   1%          5    ####...
e - Shadow Creatures      Summ           N/A          1%          6    #####..
f - Death's Door          Chrm/Necr      ####......   100%        8    #######
g - Summon Forest         Summ/Tloc      ######....   1%          5    ####...
h - Summon Hydra          Summ           ######....   7%          7    #######
i - Borgnjor's Revivific  Necr           ####......   100%        8    #######

Your spell library contained the following spells:

 Spells                   Type           Power        Failure   Level  Hunger
 Summon Butterflies       Summ           ######..     0%          1    None
 Call Imp                 Summ           ######..     0%          2    None
 Animate Skeleton         Necr           N/A          1%          1    None
 Infusion                 Chrm           ####         1%          1    None
 Pain                     Necr           ####         1%          1    None
 Corpse Rot               Necr           N/A          1%          2    None
 Shroud of Golubria       Chrm/Tloc      #####.....   1%          2    None
 Sublimation of Blood     Necr           ####......   1%          2    None
 Call Canine Familiar     Summ           ######..     1%          3    None
 Gell's Gravitas          Tloc           ######....   1%          3    None
 Lesser Beckoning         Tloc           ######....   1%          3    None
 Recall                   Summ/Tloc      N/A          1%          3    None
 Summon Guardian Golem    Hex/Summ       #####...     1%          3    None
 Teleport Other           Tloc           ######..     1%          3    None
 Passage of Golubria      Tloc           N/A          1%          4    None
 Summon Demon             Summ           ######....   1%          5    ####...
 Regeneration             Chrm/Necr      ####......   2%          3    None
 Vampiric Draining        Necr           ####......   2%          3    None
 Summon Lightning Spire   Summ/Air       #####...     2%          4    None
 Portal Projectile        Hex/Tloc       ####..       3%          3    None
 Summon Ice Beast         Ice/Summ       #####...     3%          4    None
 Swiftness                Chrm/Air       ####....     4%          2    None
 Monstrous Menagerie      Summ           ######....   7%          7    #######
 Summon Greater Demon     Summ           ######....   7%          7    #######
 Animate Dead             Necr           N/A          8%          4    None
 Dispersal                Tloc           ######....   9%          6    #####..
 Force Lance              Conj/Tloc      ####....     10%         4    None
 Summon Mana Viper        Hex/Summ       #####...     11%         5    ####...
 Ozocubu's Armour         Chrm/Ice       ###.....     12%         3    None
 Spectral Weapon          Hex/Chrm       ###.....     12%         3    None
 Shock                    Conj/Air       ###.         13%         1    None
 Beastly Appendage        Tmut           ##....       17%         1    None
 Confusing Touch          Hex            ##....       17%         1    None
 Corona                   Hex            ##.....      17%         1    None
 Flame Tongue             Conj/Fire      ##...        17%         1    None
 Freeze                   Ice            ##..         17%         1    None
 Magic Dart               Conj           ##..         17%         1    None
 Sandblast                Erth           ##....       17%         1    None
 Poisonous Vapours        Pois/Air       ###...       19%         2    None
 Malign Gateway           Summ/Tloc      ######....   19%         7    #######
 Agony                    Necr           ####....     22%         5    ####...
 Dispel Undead            Necr           ####....     22%         5    ####...
 Excruciating Wounds      Chrm/Necr      ####......   24%         5    ####...
 Ensorcelled Hibernation  Hex/Ice        ##....       26%         2    None
 Passwall                 Tmut/Erth      ##......     26%         2    None
 Slow                     Hex            ##......     26%         2    None
 Sticks to Snakes         Tmut           ##......     26%         2    None
 Throw Flame              Conj/Fire      ##....       26%         2    None
 Throw Frost              Conj/Ice       ##....       26%         2    None
 Static Discharge         Conj/Air       ###.....     36%         3    None
 Mephitic Cloud           Conj/Pois/Air  ##......     38%         3    None
 Confuse                  Hex            ##......     45%         3    None
 Conjure Flame            Conj/Fire      ##......     45%         3    None
 Ignite Poison            Fire/Tmut/Pois ##......     45%         3    None
 Inner Flame              Hex/Fire       ##......     45%         3    None
 Spider Form              Tmut/Pois      ##........   45%         3    None
 Stone Arrow              Conj/Erth      ##....       45%         3    None
 Summon Horrible Things   Summ           ######....   50%         8    #######
 Haunt                    Necr/Summ      #####.....   56%         7    #######
 Airstrike                Air            ###.......   67%         4    None
 Bolt of Draining         Conj/Necr      ###.......   71%         5    ####...
 Borgnjor's Vile Clutch   Necr/Erth      ###.......   71%         5    ####...
 Iskenderun's Battlesphe  Conj/Chrm      ###.....     73%         5    ####...
 Death Channel            Necr           ####......   77%         6    #####..
 Cause Fear               Hex            ##........   86%         4    None
 Ice Form                 Ice/Tmut       ##......     86%         4    None
 Leda's Liquefaction      Hex/Erth       ##........   86%         4    None
 Olgreb's Toxic Radiance  Pois           ##......     86%         4    None
 Petrify                  Tmut/Erth      ##......     86%         4    None
 Sticky Flame             Conj/Fire      ##......     86%         4    None
 Throw Icicle             Conj/Ice       ##......     86%         4    None
 Spellforged Servitor     Conj/Summ      #####.....   97%         7    #######
 Lightning Bolt           Conj/Air       ###.......   98%         5    ####...
 Silence                  Hex/Air        ###.......   98%         5    ####...
 Controlled Blink         Tloc           N/A          98%         8    #######
 Disjunction              Tloc           ######....   98%         8    #######
 Alistair's Intoxication  Tmut/Pois      ##......     99%         5    ####...
 Blade Hands              Tmut           ##........   99%         5    ####...
 Bolt of Magma            Conj/Fire/Erth ##........   99%         5    ####...
 Fireball                 Conj/Fire      ##........   99%         5    ####...
 Irradiate                Conj/Tmut      ##........   99%         5    ####...
 Lee's Rapid Deconstruct  Erth           ##........   99%         5    ####...
 Metabolic Englaciation   Hex/Ice        ##........   99%         5    ####...
 Yara's Violent Unravell  Hex/Tmut       ##........   99%         5    ####...
 Deflect Missiles         Chrm/Air       ####......   99%         6    #####..
 Simulacrum               Ice/Necr       ###.......   99%         6    #####..
 Bolt of Fire             Conj/Fire      ##........   100%        6    #####..
 Conjure Ball Lightning   Conj/Air       ###.......   100%        6    #####..
 Darkness                 Hex            ##........   100%        6    #####..
 Freezing Cloud           Conj/Ice/Air   ##........   100%        6    #####..
 Hydra Form               Tmut           ##........   100%        6    #####..
 Invisibility             Hex            ##......     100%        6    #####..
 Iron Shot                Conj/Erth      ##........   100%        6    #####..
 Poison Arrow             Conj/Pois      ##........   100%        6    #####..
 Statue Form              Tmut/Erth      ##.......    100%        6    #####..
 Dragon Form              Tmut           ##........   100%        7    #######
 Orb of Destruction       Conj           ##........   100%        7    #######
 Ring of Flames           Chrm/Fire      ###.......   100%        7    #######
 Chain Lightning          Conj/Air       ###.......   100%        8    #######
 Discord                  Hex            ##........   100%        8    #######
 Ignition                 Fire           ##........   100%        8    #######
 Infestation              Necr           ####......   100%        8    #######
 Lehudib's Crystal Spear  Conj/Erth      ##........   100%        8    #######
 Necromutation            Tmut/Necr      ###.......   100%        8    #######
 Dragon's Call            Summ           ######....   100%        9    #######
 Fire Storm               Conj/Fire      ##........   100%        9    #######
 Glaciate                 Conj/Ice       ##........   100%        9    #######
 Shatter                  Erth           ##........   100%        9    #######
 Tornado                  Air            ###.......   100%        9    #######


Dungeon Overview and Level Annotations

Branches:
Dungeon (15/15)            Temple (1/1) D:4            Lair (6/6) D:9
 Shoals (4/4) Lair:2        Snake (4/4) Lair:4        Slime (5/5) Lair:6
    Orc (2/2) D:9             Elf (3/3) Orc:2        Vaults (5/5) D:13
  Crypt (3/3) Vaults:3       Tomb (0/3) Crypt:3      Depths (5/5) D:15
   Hell (1/1)                 Dis (7/7) Hell            Geh (7/7) Hell
    Coc (7/7) Hell            Tar (7/7) Hell            Zot (0/5) Depths:5

Altars:
Ashenzari
Cheibriados
Dithmenos
Elyvilon
Fedhas
Gozag
Hepliaklqana
Kikubaaqudgha
Makhleb
Nemelex Xobeh
Okawaru
Qazlal
Ru
Sif Muna
Trog
Uskayaw
Vehumet
Wu Jian
Xom
Yredelemnul
Zin
The Shining One
Beogh
Jiyva

Shops:
D:4 *   D:5 *   D:11 =:[**   D:14 (   D:15 }   Orc:1 *   Orc:2 *:%(*
Elf:1 ?!%}   Elf:2 ?   Elf:3 :   Shoals:3 ([(((   Snake:4 ==}*   Vaults:4 *
Depths:2 (   Depths:4 !

Portals:
Hell: Depths:1 Depths:2 Depths:3 Depths:4 Depths:5
Abyss: Depths:4
Pandemonium: Orc:2 Depths:3


Innate Abilities, Weirdness & Mutations

You have razor-sharp teeth.
You heal very quickly.
When hurt, damage is shared between your health and your magic reserves.
Your bite disrupts and absorbs the magic of your enemies.
Potions cannot restore your health.
You are immune to rotting.
You have a pair of horns on your head.
You are partially covered in molten scales. (AC +2)
You can translocate small distances at will.
Scrolls take you a little longer to read.
You are dopey. (Int -2)
Your system is resistant to poisons. (rPois)
You are resistant to electric shocks. (rElec)
You are occasionally teleported next to monsters.
You are weak. (Str -2)
You expend magic power (3 MP) to strengthen your wands.


Message History

The gelid corrupter misses you. Cyac gestures at you.
The bolt of cold hits you! You resist.
* * * LOW HITPOINT WARNING * * *
The bolt of cold misses the gelid corrupter.
The bolt of cold misses the cacodemon.
The bolt of cold hits the mummy priest.
The mummy priest resists.
The ynoxinul gestures.
You block the reaper's attack.
You block the infernal corrupter's attack.
The torturous warmonger hits you from afar with a glaive of flaming!
* * * LOW HITPOINT WARNING * * *
The torturous warmonger burns you.
* * * LOW HITPOINT WARNING * * *
The tormentor hits you.
* * * LOW HITPOINT WARNING * * *
You block the tormentor's attack. The smoke demon gestures at you.
Something smites you!
You die...

............. ..
............. ....
#............
▓......##............
▓▓....................
▓.............423M....
▓............M222X4...
▓...........)H262135..
▓...........2)@6133.5.
▓▓...........)&22635...
▓..∩...........1354....
▓▓.............5.......
▓.....................
▓.....................
▓.....................
▓.....................
▓▓.................


You could see Cyac, a Brimstone Fiend, 2 Ice Fiends, 2 cacodemons, a torturous
warmonger, a sphinx, 4 reapers, a green death, 2 demonspawn, 2 mummy priests, 2
soul eaters, a large abomination, 2 hellwings, a sixfirhy, 2 smoke demons, a
hellion, a tormentor, a ynoxinul, a chaos spawn and 5 ufetubi.

Vanquished Creatures
  Cerebov (Pan)
  Antaeus (Coc:7)
  the Royal Jelly (Slime:5)
  Asmodeus (Geh:7)
  Ereshkigal (Tar:7)
  the Serpent of Hell (Coc:7)
  Mnoleg (Pan)
  Gloorx Vloq (Pan)
  Lom Lobon (Pan)
  Dispater (Dis:7)
  5 ancient liches
  Mennas (Vaults:4)
  3 juggernauts
  11 greater mummies
  Margery (Vaults:4)
  12 shard shrikes
  Geryon (Hell)
  5 golden dragons
  4 caustic shrikes (Depths:4)
  Saint Roka (Crypt:3)
  Nikola (Shoals:1)
  the Enchantress (Depths:4)
  8 bone dragons
  A profane servitor (Crypt:3)
  Jory (Vaults:4)
  4 pandemonium lords (Pan)
  14 Brimstone Fiends
  37 Tzitzimimeh
  5 doom hounds
  5 iron giants
  10 Hell Sentinels
  10 liches
  24 Ice Fiends
  Asterion (Snake:1)
  9 tentacled monstrosities
  The ghost of Doido the Blocker, an adept GnFi of Makhleb (Vaults:2)
  6 deep elf blademasters
  27 acid blobs
  3 quicksilver dragons
  11 titans
  5 deep elf master archers
  Frances (Shoals:1)
  9 tentacled starspawn
  2 thorn hunters
  9 sphinxes
  A kraken (Abyss:5)
  25 Executioners
  6 ancient champions
  11 shadow dragons
  Agnes (D:15)
  11 tengu reavers
  An eldritch tentacle (Dis:5)
  6 storm dragons
  2 draconian monks (Zig:11)
  3 revenants
  18 azure jellies
  12 nagarajas
  11 frost giants
  18 fire giants
  12 cacodemons
  9 orc warlords
  43 balrugs
  7 draconian knights
  5 iron dragons
  Louise (Snake:1)
  10 warmongers
  14 vault wardens
  10 ghost moths
  5 curse skulls
  7 draconian scorchers
  8 deep elf sorcerers
  2 deep elf elementalists
  3 emperor scorpions
  2 draconian stormcallers (Zig:11)
  4 spriggan defenders (Depths:4)
  The ghost of RoboWizard the Peltast, a journeyman MiFi of Okawaru (D:15)
  A caustic shrike zombie (Zig:14)
  13 ghouls
  8 entropy weavers
  2 angels
  3 draconian annihilators (Pan)
  13 war gargoyles
  62 reapers
  2 elemental wellsprings (Coc:7)
  31 very ugly things
  A juggernaut zombie (Zig:15)
  13 ironheart preservers
  6 blood saints
  2 black draconians
  10 deep elf demonologists
  14 vampire knights
  8 corrupters
  A green draconian (Zig:2)
  24 stone giants
  96 starcursed masses
  2 white draconians
  Azrael (Snake:2)
  14 lorocyprocas (Pan)
  4 bennus
  3 black suns (Pan)
  12 deep elf annihilators
  5 yellow draconians
  14 ettins
  9 spark wasps
  7 death oozes
  2 purple draconians
  15 eidola
  40 blizzard demons
  10 deep elf death magi
  11 fire dragons
  8 green deaths
  13 mummy priests
  10 jiangshi
  10 merfolk javelineers
  14 great orbs of eyes
  10 deep elf high priests
  Erolcha (Orc:2)
  3 kraken zombies
  6 rakshasas
  4 merfolk impalers
  A hydra (shapeshifter) (Depths:3)
  27 yaktaur captains
  3 quicksilver dragon zombies
  20 naga warriors
  The ghost of bmj180 the Spear-Bearer, a journeyman MiFi of Zin (D:12)
  7 monstrous demonspawn (Pan)
  10 hydras
  Fannar (Lair:1)
  14 small abominations
  40 vault guards
  29 ice dragons
  An anaconda (shapeshifter) (D:15)
  5 hell beasts
  2 juggernaut simulacra
  5 merfolk avatars
  4 ghost crabs
  2 spriggan air magi
  19 centaur warriors
  A quicksilver dragon skeleton (Depths:3)
  5 death knights
  12 satyrs
  26 dancing weapons
  12 deep troll shamans
  3 alligators (Zig:12)
  13 anacondas
  4 death scarabs (Zig:20)
  15 hell hogs
  9 death yaks
  9 merfolk aquamancers
  37 two-headed ogres
  10 vampire magi
  7 tengu warriors
  14 thrashing horrors
  4 titan zombies
  19 naga sharpshooters
  13 ogre magi
  11 shock serpents
  15 deep troll earth magi
  Urug (D:13)
  6 spriggan berserkers (Depths:4)
  57 soul eaters
  20 deep elf knights
  48 hell knights
  70 sun demons
  16 orc high priests
  38 shadow wraiths
  146 skeletal warriors
  A fire crab (Abyss:5)
  3 salamander mystics
  6 titan skeletons
  24 sixfirhies
  4 storm dragon skeletons
  A storm dragon zombie (Dis:7)
  36 deep trolls
  8 wretched stars
  13 anaconda zombies
  A cherub (Pan)
  3 spriggan druids (Zig:12)
  4 torturous demonspawn (Pan)
  3 spatial maelstroms
  An obsidian statue (Zig:5)
  2 spark wasp zombies (Zig:14)
  4 golden dragon zombies
  18 sea snakes
  A ghost moth zombie (Coc:4)
  6 glowing orange brains
  10 unseen horrors
  13 shadow dragon zombies
  10 iron trolls
  9 gelid demonspawn
  2 death drakes
  2 swamp dragons (Zig:12)
  26 shadow demons
  8 deep elf archers
  14 flayed ghosts
  A glowing orange brain (shapeshifter) (Elf:2)
  5 infernal demonspawn (Pan)
  7 anaconda skeletons
  10 wizards
  9 naga ritualists
  6 golden dragon skeletons
  A kraken simulacrum (Hell)
  32 phantasmal warriors
  4 tengu zombies
  2 shambling mangroves
  An orb spider (shapeshifter) (D:13)
  A lindwurm (shapeshifter) (Vaults:5)
  23 harpies
  7 iron dragon zombies
  18 ironbrand convokers
  3 wolf spider zombies
  10 wolf spiders
  25 necromancers
  12 mana vipers
  34 fauns
  A sphinx zombie (Vaults:5)
  2 salamanders (shapeshifter)
  11 manticores
  6 tengu skeletons
  2 sphinx skeletons
  53 deep elf magi
  4 frost giant zombies
  A manticore (shapeshifter) (Elf:2)
  3 orb spiders
  65 ugly things
  21 orc knights
  5 stone giant zombies
  14 orc sorcerers
  11 shining eyes
  7 moths of wrath
  The ghost of Heatsaber the Magician, a novice VSCj of Sif Muna (D:8)
  2 shining eyes (shapeshifter) (Vaults:5)
  2 spriggan zombies
  3 iron dragon skeletons
  4 fire giant skeletons
  2 fire giant zombies
  16 salamanders
  10 cyclopes
  9 merfolk sirens
  5 shadow dragon skeletons
  46 black mambas
  2 guardian serpents (shapeshifter)
  10 ice statues
  8 worldbinders
  Maurice (D:11)
  13 guardian serpents
  39 rust devils
  A black mamba (shapeshifter) (Depths:2)
  10 elephants
  3 water nymphs
  7 frost giant skeletons
  14 naga magi
  22 vault sentinels
  5 dire elephant zombies
  5 stone giant skeletons
  6 centaur zombies
  6 molten gargoyles
  33 smoke demons
  22 spiny frogs
  A spiny frog (shapeshifter) (Depths:5)
  A torpor snail (Zig:7)
  5 eyes of devastation
  23 orange demons
  A gargoyle (D:14)
  A titan simulacrum (Zig:15)
  3 centaur skeletons
  3 apocalypse crabs (Abyss:5)
  A yaktaur zombie (Vaults:5)
  2 dire elephant skeletons
  An eye of devastation (shapeshifter) (Elf:2)
  55 yaktaurs
  3 catoblepas zombies
  8 komodo dragons
  16 efreet
  17 demonic crawlers
  A kobold demonologist (Abyss:5)
  21 hellions
  5 rime drakes
  2 emperor scorpion zombies
  35 ice devils
  31 tormentors
  An anaconda simulacrum (Coc:5)
  11 ancient zymes
  38 freezing wraiths
  2 minotaur skeletons
  A spark wasp simulacrum (Depths:3)
  A golden dragon simulacrum (Zig:18)
  A yaktaur (shapeshifter) (Vaults:1)
  2 yaktaur skeletons (Vaults:3)
  15 hellwings
  3 catoblepas skeletons
  16 guardian mummies
  A meliai (shapeshifter) (Vaults:3)
  45 red devils
  11 hydra zombies
  A jumping spider (shapeshifter) (Vaults:1)
  4 wandering mushrooms
  A sea snake skeleton (Crypt:2)
  13 jumping spiders
  5 harpy zombies
  3 silent spectres
  2 tengu conjurers (Depths:4)
  6 trolls
  6 hydra skeletons
  2 wind drakes (shapeshifter)
  13 hornets
  39 merfolk
  A queen bee (Lair:6)
  A sphinx simulacrum (Vaults:4)
  4 meliai
  4 tyrant leeches
  2 polar bears (shapeshifter)
  4 wind drakes (Shoals:4)
  6 snapping turtles
  A tengu simulacrum (Zig:18)
  A hornet (shapeshifter) (Vaults:5)
  15 polar bears
  A dream sheep (shapeshifter) (Depths:4)
  2 ice dragon zombies
  A raiju (shapeshifter) (D:15)
  90 slime creatures
  26 blink frogs
  26 raiju
  4 dream sheep (Shoals:1)
  18 hippogriffs
  A harpy skeleton (Geh:2)
  8 bog bodies
  12 ettin zombies
  9 alligator zombies
  4 fire dragon zombies
  2 stone giant simulacra (Coc:7)
  A fire giant simulacrum (Coc:1)
  3 air elementals
  103 flying skulls
  23 shadows
  2 fire dragon skeletons
  6 tarantellas
  10 redbacks
  4 spriggans (shapeshifter)
  A vampire (Abyss:5)
  16 ynoxinuls
  A yak (shapeshifter) (Vaults:2)
  11 spriggans
  An ice dragon skeleton (Geh:7)
  34 water elementals
  4 ettin skeletons
  A basilisk (shapeshifter) (Vaults:2)
  7 basilisks
  28 fire elementals
  3 black mamba zombies
  5 wyverns
  18 humans (D:13)
  A black mamba skeleton (Tar:4)
  54 yaks
  4 alligator skeletons
  11 vampire mosquitoes
  7 ushabtiu
  A human (shapeshifter) (Depths:4)
  3 golden eyes (Pan)
  27 wraiths
  19 chaos spawn
  Eustachio (D:4)
  A catoblepas simulacrum (Abyss:5)
  26 neqoxecs
  5 hungry ghosts
  Menkaure (D:5)
  8 spatial vortices
  10 wargs
  64 nagas
  A deep troll zombie (Vaults:3)
  2 torturous demonspawn zombies
  An acid dragon (D:13)
  67 large abominations
  A hydra simulacrum (Hell)
  An orb spider zombie (Crypt:1)
  13 porcupines
  9 spiny frog zombies
  33 hell hounds
  15 water moccasins
  A floating eye (Vaults:1)
  82 orc warriors
  A merfolk skeleton (Coc:5)
  A black bear (D:8)
  9 phantoms
  11 ice beasts
  35 ogres
  2 swamp dragon zombies
  4 sky beasts
  8 snapping turtle zombies
  3 spiny frog skeletons
  An alligator simulacrum (Coc:7)
  A lindwurm zombie (Crypt:1)
  2 manticore zombies
  38 necrophages
  10 eyes of draining
  4 snapping turtle skeletons
  A tengu (shapeshifter) (Vaults:2)
  3 boggarts (Depths:4)
  20 wolves
  27 centaurs
  12 crocodiles
  A swamp dragon skeleton (Coc:7)
  4 big kobolds
  36 bullfrogs
  A gnoll sergeant (D:7)
  4 elf skeletons
  A glowing shapeshifter simulacrum (Zig:20)
  7 elf zombies
  A deep troll simulacrum (Vaults:5)
  An earth elemental (Zig:9)
  An ogre simulacrum (Vaults:1)
  A water moccasin zombie (Crypt:2)
  11 wyvern skeletons (Crypt:3)
  2 scorpions
  45 wights
  2 snapping turtle simulacra (Coc:7)
  2 orc simulacra
  41 killer bees
  4 electric eels
  A polar bear skeleton (Crypt:1)
  15 crimson imps
  2 bullfrog zombies
  6 human simulacra
  A wyvern simulacrum (D:15)
  A lava snake (Lair:1)
  A black bear zombie (Crypt:2)
  7 human zombies
  A jelly (D:8)
  41 orc priests
  8 hounds
  A hound (shapeshifter) (Vaults:5)
  21 orc wizards
  2 quasits
  Crazy Yiuf (D:5)
  A gnoll shaman (D:4)
  18 iron imps
  8 human skeletons
  5 iguanas
  15 worker ants
  A spriggan simulacrum (Abyss:2)
  A lightning spire (Zig:11)
  A big kobold zombie (Ossuary)
  A naga zombie (Crypt:2)
  An ogre zombie (Dis:5)
  An ogre skeleton (Coc:7)
  5 hound skeletons
  2 worker ant zombies
  A howler monkey zombie (D:5)
  40 mummies
  An adder (shapeshifter) (Vaults:5)
  13 gnolls
  11 adders
  17 shadow imps
  13 white imps
  2 ufetubi (Abyss:2)
  An ooze (D:6)
  An adder zombie (D:10)
  3 adder skeletons
  A halfling skeleton (Crypt:2)
  7 worms
  A ball lightning (Pan)
  2 dart slugs (D:3)
  4 leopard geckos
  132 orcs
  A ball python (D:4)
  A bat zombie (Crypt:1)
  6 giant cockroaches
  2 gnoll zombies
  11 goblins
  9 hobgoblins
  15 jackals
  20 kobolds
  5 quokkas
  20 bats
  5 frilled lizards
  2 goblin zombies (Ossuary)
  A hobgoblin zombie (Ossuary)
  A kobold skeleton (Coc:3)
  2 kobold zombies
  An orc skeleton (D:4)
  2 orc zombies
  5 rats
  7 briar patches
  7 crawling corpses
  A fire vortex (Geh:2)
  4 fungi
  55 plants
  10 starspawn tentacles
  11 tentacles
  3 withered plants (Crypt:3)
5312 creatures vanquished.

Vanquished Creatures (collateral kills)
  An Executioner (Zig:21)
  2 bennus
  A deep elf demonologist (Elf:3)
  A deep elf annihilator (Elf:3)
  A hydra (Lair:5)
  A death scarab (Zig:20)
  A deep elf knight (Elf:1)
  2 sea snakes
  A deep elf archer (Elf:1)
  A smoke demon (Pan)
  A red devil (Pan)
  A jumping spider (Zig:17)
  A redback (Zig:17)
  A flying skull (Zig:20)
  An orc warrior (Zig:19)
  An ogre (Orc:1)
  A mummy (Zig:20)
  An orc (Orc:1)
20 creatures vanquished.

Vanquished Creatures (others)
  A titan (Vaults:5)
  A deep elf master archer (Elf:2)
  2 eldritch tentacles
  A thorn hunter (Zig:12)
  A ghost moth (Zig:17)
  A draconian knight (Zig:18)
  A stone giant (Zig:16)
  An elemental wellspring (Coc:7)
  A black sun (Pan)
  A hydra (Zig:12)
  An ice dragon (Coc:7)
  An alligator (Zig:12)
  A hell hog (Geh:6)
  A naga sharpshooter (Zig:16)
  A thrashing horror (Abyss:5)
  2 deep elf knights
  A golden dragon zombie (Geh:7)
  A skeletal warrior (Tar:7)
  A phantasmal warrior (Tar:7)
  A deep elf mage (Elf:2)
  2 large abominations (Abyss:5)
  A harpy (Zig:3)
  A hellion (Geh:7)
  2 rime drakes (Zig:18)
  A rime drake (shapeshifter) (Vaults:5)
  2 tormentors
  A hellwing (Pan)
  A red devil (Pan)
  An ettin skeleton (Geh:7)
  A flying skull (Coc:4)
  3 water elementals
  A fire elemental (Geh:2)
  A neqoxec (Abyss:5)
  2 chaos spawn (Pan)
  An insubstantial wisp (Zig:12)
  A naga (Snake:4)
  A swamp drake (Zig:12)
  2 orc warriors
  A boggart (Depths:4)
  A centaur (Depths:1)
  A starcursed mass (Abyss:5)
  An ogre skeleton (Geh:7)
  8 ball lightnings (Pan)
  An orc (Vaults:5)
  5 briar patches (Zig:12)
  A crawling corpse (Elf:2)
  2 demonic plants (Abyss:2)
  22 fungi
  3 lurking horrors
  67 plants
  4 snaplasher vines
  17 starspawn tentacles
  13 tentacles
  A withered plant (Crypt:3)
195 creatures vanquished.

Grand Total: 5527 creatures vanquished

Notes
Turn   | Place    | Note
-------+----------+-------------------------------------------
     0 | D:1      | dvd the Vine Stalker Fighter began the quest for the Orb.
     0 | D:1      | Reached XP level 1. HP: 11/11 MP: 2/2
    77 | D:1      | Reached XP level 2. HP: 9/16 MP: 1/3
   502 | D:1      | Reached XP level 3. HP: 20/20 MP: 4/4
  1291 | D:2      | Gained mutation: Your natural rate of healing is unusually
                  | fast. [Vine Stalker growth]
  1291 | D:2      | Reached XP level 4. HP: 18/24 MP: 3/5
  1987 | D:3      | Found a white marble altar of Elyvilon.
  2063 | D:3      | Reached XP level 5. HP: 24/28 MP: 6/6
  2525 | D:4      | Reached XP level 6. HP: 17/32 MP: 4/7
  2990 | D:4      | Found a sand-covered staircase.
  2996 | Ossuary  | Entered an ossuary
  3120 | Ossuary  | Reached XP level 7. HP: 37/37 MP: 8/8
  3191 | Ossuary  | Reached skill level 5 in Axes
  3263 | D:4      | Reached skill level 1 in Dodging
  3364 | D:4      | Found Mockooni's General Store.
  3505 | D:4      | Noticed Eustachio
  3521 | D:4      | Killed Eustachio
  3551 | D:4      | Gained mutation: You have razor-sharp teeth. [Vine Stalker
                  | growth]
  3551 | D:4      | Reached XP level 8. HP: 42/42 MP: 9/9
  3569 | D:4      | Found a staircase to the Ecumenical Temple.
  3574 | Temple   | Entered the Ecumenical Temple
  3673 | Temple   | Became a worshipper of Makhleb the Destroyer
  3790 | D:5      | Entered Level 5 of the Dungeon
  3796 | D:5      | Noticed a hippogriff
  3805 | D:5      | Killed a hippogriff
  3904 | D:5      | Learned a level 1 spell: Summon Small Mammal
  4033 | D:5      | Noticed Menkaure
  4045 | D:5      | Killed Menkaure
  4312 | D:5      | Reached * piety under Makhleb
  4358 | D:5      | Found Miut's General Store.
  4382 | D:5      | Found a runed door.
  4386 | D:5      | Noticed Crazy Yiuf
  4391 | D:5      | Killed Crazy Yiuf
  4628 | D:5      | Reached XP level 9. HP: 33/46 MP: 7/10
  4866 | D:6      | Reached skill level 5 in Armour
  5558 | D:7      | Reached skill level 5 in Fighting
  5719 | D:7      | Learned a level 2 spell: Blink
  5836 | D:7      | Reached skill level 5 in Shields
  6030 | D:7      | Reached skill level 1 in Spellcasting
  6030 | D:7      | Reached skill level 1 in Translocations
  6159 | D:7      | Reached ** piety under Makhleb
  6488 | D:8      | Reached XP level 10. HP: 27/51 MP: 11/13
  7003 | D:7      | Reached *** piety under Makhleb
  7086 | D:7      | Gained mutation: Scrolls take you a little longer to read.
                  | [potion of mutation]
  7086 | D:7      | Gained mutation: You have a pair of small horns on your
                  | head. [potion of mutation]
  7087 | D:7      | Lost mutation: You have a pair of small horns on your head.
                  | [potion of mutation]
  7087 | D:7      | Lost mutation: Scrolls take you a little longer to read.
                  | [potion of mutation]
  7087 | D:7      | Gained mutation: Your movements are slightly less
                  | encumbered by armour. (ER -2) [potion of mutation]
  7087 | D:7      | Gained mutation: You tend to lose your temper in combat.
                  | [potion of mutation]
  7087 | D:7      | Gained mutation: Your muscles are strong. (Str +2) [potion
                  | of mutation]
  7120 | D:8      | Reached skill level 1 in Stealth
  7150 | D:8      | Found a radiant altar of Vehumet.
  7780 | D:9      | Lost mutation: Your muscles are strong. (Str +2) [potion of
                  | mutation]
  7780 | D:9      | Lost mutation: You tend to lose your temper in combat.
                  | [potion of mutation]
  7780 | D:9      | Lost mutation: Your movements are slightly less encumbered
                  | by armour. (ER -2) [potion of mutation]
  7780 | D:9      | Gained mutation: You are weak. (Str -2) [potion of
                  | mutation]
  7780 | D:9      | Gained mutation: You are partially covered in molten
                  | scales. (AC +2) [potion of mutation]
  7780 | D:9      | Gained mutation: Your spells are a little easier to cast,
                  | but a little less powerful. [potion of mutation]
  7780 | D:9      | Lost mutation: You are weak. (Str -2) [potion of mutation]
  8104 | D:9      | Found a roughly hewn altar of Beogh.
  8104 | D:9      | Found a staircase to the Orcish Mines.
  8535 | D:9      | Reached skill level 1 in Invocations
  8539 | D:9      | Reached XP level 11. HP: 51/56 MP: 15/18
  8542 | D:9      | Reached **** piety under Makhleb
  8585 | D:9      | Found a stormy altar of Qazlal.
  8587 | D:9      | Found a bloodstained altar of Trog.
  8587 | D:9      | Found a shimmering altar of Xom.
  8589 | D:9      | Found a shadowy altar of Dithmenos.
  8589 | D:9      | Found a shattered altar of Ashenzari.
  8589 | D:9      | Found a shadowy altar of Dithmenos.
  8653 | D:9      | Found a staircase to the Lair.
  8670 | D:9      | Found a runed gate.
  8670 | D:9      | Noticed Heatsaber's ghost (novice VSCj)
  8671 | D:9      | Found a runed gate.
  8699 | D:9      | Found a runed gate.
  8837 | D:9      | Found a roughly hewn altar of Beogh.
  8899 | D:8      | Killed Heatsaber's ghost
  9014 | D:9      | Got a jacinth-encrusted plate armour
  9027 | D:9      | Identified the cursed +0 plate armour of Xeuk {rElec MR+}
                  | (You took it off an orc warrior on level 9 of the Dungeon)
  9068 | D:9      | Got a transparent scale mail
  9080 | D:9      | Identified the cursed +1 scale mail of Oxkoch {rC- rCorr
                  | SInv} (You took it off an orc priest on level 9 of the
                  | Dungeon)
  9158 | D:10     | Entered Level 10 of the Dungeon
  9257 | D:10     | Noticed a two-headed ogre
  9269 | D:10     | Killed a two-headed ogre
  9546 | D:10     | You fall through a shaft for 2 floors!
  9583 | D:12     | Noticed a green ugly thing
  9585 | D:12     | Noticed a manticore
  9588 | D:12     | Noticed a cyan ugly thing
  9594 | D:11     | Noticed a manticore
  9597 | D:11     | Reached ***** piety under Makhleb
  9601 | D:11     | Killed a manticore
  9601 | D:11     | Reached skill level 10 in Axes
  9645 | D:11     | Killed an unseen horror
  9678 | D:11     | Found Goeth's Jewellery Boutique.
  9724 | D:11     | Found Nomnuutiepn's Book Boutique.
  9805 | D:10     | Noticed a two-headed ogre
  9816 | D:10     | Killed a two-headed ogre
  9879 | D:10     | Killed an unseen horror
  9992 | D:10     | Noticed a two-headed ogre
 10001 | D:10     | Killed a two-headed ogre
 10001 | D:10     | Gained mutation: You heal very quickly. [Vine Stalker
                  | growth]
 10001 | D:10     | Reached XP level 12. HP: 62/62 MP: 15/19
 10055 | D:10     | Found a sparkling altar of Nemelex Xobeh.
 10660 | D:11     | Found Tuudas's Armour Boutique.
 10678 | D:11     | Found Hikas's Assorted Antiques.
 10711 | D:11     | Noticed Maurice
 10732 | D:11     | Killed Maurice
 10806 | D:11     | Found Ynuc Soq's Assorted Antiques.
 11003 | Orc:1    | Entered Level 1 of the Orcish Mines
 11003 | Orc:1    | Noticed an orc warlord
 11338 | Orc:1    | Noticed an orc high priest
 11338 | Orc:1    | Noticed a two-headed ogre
 11364 | Orc:1    | Killed an orc high priest
 11366 | Orc:1    | Killed a two-headed ogre
 11389 | Orc:1    | Found Jaychen's General Store.
 11442 | Orc:1    | Noticed an orc warlord
 11509 | Orc:1    | Killed an orc warlord
 11712 | Orc:1    | Reached ****** piety under Makhleb
 11757 | Orc:1    | Reached XP level 13. HP: 68/68 MP: 20/20
 11876 | Orc:2    | Entered Level 2 of the Orcish Mines
 12068 | Orc:2    | Found Eraaxez's Assorted Antiques.
 12278 | D:5      | Bought the amulet of Vitality {Regen+ HP+15} for 948 gold
                  | pieces
 12278 | D:5      | Found the amulet of Vitality {Regen+ HP+15}
 12373 | Lair:1   | Entered Level 1 of the Lair of Beasts
 12434 | Lair:1   | Got a steaming robe
 12435 | Lair:1   | Identified the +0 robe of the Merchant {rElec rC- Int+5
                  | Dex+3} (You found it on level 1 of the Lair of Beasts)
 12484 | Lair:1   | Noticed a fire dragon
 12518 | Lair:1   | Killed a fire dragon
 12726 | Lair:1   | Noticed Fannar
 12749 | Lair:1   | Killed Fannar
 13271 | Lair:2   | Reached skill level 10 in Shields
 13281 | Lair:2   | Found a staircase to the Shoals.
 14047 | Lair:3   | Found a frozen archway.
 14071 | IceCv    | Entered an ice cave
 14328 | IceCv    | Reached XP level 14. HP: 75/75 MP: 22/22
 14434 | IceCv    | Noticed a frost giant
 14472 | IceCv    | Killed a frost giant
 15669 | Lair:4   | Found a staircase to the Snake Pit.
 16377 | Lair:5   | Reached skill level 5 in Invocations
 16968 | Lair:6   | Entered Level 6 of the Lair of Beasts
 17052 | Lair:6   | Reached XP level 15. HP: 80/80 MP: 15/23
 17146 | Lair:6   | Reached skill level 10 in Fighting
 17582 | Lair:6   | Found a staircase to the Slime Pits.
 17582 | Lair:6   | Found a viscous altar of Jiyva.
 17843 | Lair:6   | Found the +3 hat of Pondering {ponderous, MR+ MP+10 Int+5}
 17865 | Lair:6   | Identified Sif Muna's Disquisition on Conjuration
 17895 | Lair:6   | Got an iridescent war axe
 17896 | Lair:6   | Identified the cursed +3 war axe of the Original Sin {pain,
                  | rElec rN+ MP+9 Dex+2} (You found it on level 6 of the Lair
                  | of Beasts)
 18202 | D:9      | Killed an orc warlord
 18328 | Orc:2    | Found Kehosim's Food Emporium.
 18329 | Orc:2    | Found Vuorokip's General Store.
 18676 | Orc:2    | Found Caotoog's Book Boutique.
 18676 | Orc:2    | Found Odghutz's Antique Weapon Shop.
 18676 | Orc:2    | Found a one-way gate leading to the halls of Pandemonium.
 18845 | Orc:2    | Found a staircase to the Elven Halls.
 18896 | Orc:2    | Noticed Erolcha
 18904 | Orc:2    | Killed Erolcha
 19261 | Snake:1  | Entered Level 1 of the Snake Pit
 19297 | Snake:1  | Reached XP level 16. HP: 86/86 MP: 24/24
 19626 | Snake:1  | Noticed Asterion
 19639 | Snake:1  | Killed Asterion
 19653 | Snake:1  | Noticed Louise
 19674 | Snake:1  | Killed Louise
 19914 | Snake:1  | Reached skill level 15 in Axes
 20330 | Snake:2  | Noticed Azrael
 20343 | Snake:2  | Killed Azrael
 21288 | Snake:3  | Reached skill level 10 in Armour
 21474 | Snake:3  | Found Ziothrur's Distillery.
 21745 | Snake:3  | Reached XP level 17. HP: 91/91 MP: 25/25
 22288 | Snake:4  | Entered Level 4 of the Snake Pit
 22355 | Snake:4  | Found Nidaqusa's Assorted Antiques.
 22364 | Snake:4  | Bought a scroll of enchant weapon for 262 gold pieces
 22555 | Snake:4  | Learned a level 1 spell: Apportation
 22705 | Snake:4  | Got a serpentine rune of Zot
 22864 | Snake:4  | Found Ikigeta's Gadget Shop.
 22864 | Snake:4  | Found Cass's Jewellery Shoppe.
 22865 | Snake:4  | Found Ussioshro's Jewellery Shoppe.
 23465 | D:12     | Reached XP level 18. HP: 98/98 MP: 26/26
 23731 | D:12     | Found a runed gate.
 23731 | D:12     | Found a runed gate.
 23731 | D:12     | Found a runed gate.
 23738 | D:12     | Noticed bmj180's ghost (journeyman MiFi)
 23773 | D:12     | Killed bmj180's ghost
 24026 | D:13     | Reached skill level 15 in Shields
 24056 | D:13     | Noticed Urug
 24067 | D:13     | Killed Urug
 24409 | D:13     | Found a gate to the Vaults.
 24959 | D:14     | Got a warped bronze ring
 24961 | D:14     | Identified the ring "Xoffuocu" {rElec AC+5 Int+2} (You
                  | found it on level 14 of the Dungeon)
 24978 | D:14     | Found Hirgh's Antique Weapon Boutique.
 25225 | D:14     | Found a transporter.
 25231 | D:14     | Found a viscous altar of Jiyva.
 25233 | D:14     | Found a transporter.
 25281 | D:14     | Got a sapphire short sword
 25288 | D:14     | Identified the +7 short sword of the Hall of Blades {vamp,
                  | Int+5} (You found it on level 14 of the Dungeon)
 25304 | D:15     | Entered Level 15 of the Dungeon
 25340 | D:15     | Noticed Agnes
 25350 | D:15     | Killed Agnes
 25458 | D:15     | Identified a scroll of acquirement
 25468 | D:15     | Found a runed gate.
 25469 | D:15     | Found a runed gate.
 25469 | D:15     | Found a runed gate.
 25480 | D:15     | Noticed RoboWizard's ghost (journeyman MiFi)
 25539 | D:15     | Found Vemetial's Gadget Shoppe.
 25660 | D:15     | Found a shattered altar of Ashenzari.
 25701 | D:15     | Found a staircase to the Depths.
 25916 | D:15     | Killed RoboWizard's ghost
 26115 | Shoals:1 | Entered Level 1 of the Shoals
 26148 | Shoals:1 | Noticed Frances
 26178 | Shoals:1 | Killed Frances
 26331 | Shoals:1 | Noticed Nikola
 26346 | Shoals:1 | Killed Nikola
 26346 | Shoals:1 | Reached XP level 19. HP: 103/103 MP: 27/27
 27518 | Shoals:3 | Found Gupnexteqi's Antique Weapon Shoppe.
 27534 | Shoals:3 | Reached skill level 5 in Dodging
 27660 | Shoals:3 | Found Odiunwit's Antique Weapon Boutique.
 27699 | Shoals:3 | Found Qehomuo's Antique Weapon Boutique.
 27973 | Shoals:3 | Found Faopn's Armour Shop.
 27978 | Shoals:3 | Found Wulutedo's Weapon Boutique.
 28122 | Shoals:4 | Entered Level 4 of the Shoals
 28228 | Shoals:4 | Got a barnacled rune of Zot
 28598 | Shoals:4 | Identified the +1 leather armour of the Black Moon {rC+
                  | Stlth+} (You found it on level 4 of the Shoals)
 28744 | Shoals:4 | Reached skill level 1 in Evocations
 29354 | Elf:1    | Entered Level 1 of the Elven Halls
 29381 | Elf:1    | Found Nurergh's Gadget Boutique.
 29466 | Elf:1    | Found Jadorifu's Book Shop.
 29488 | Elf:1    | Found Nudwog's Magic Scroll Shop.
 29660 | Elf:1    | Reached XP level 20. HP: 109/109 MP: 28/28
 29918 | Elf:1    | Found a portal to a secret trove of treasure.
 29976 | Elf:1    | Found Faluissieg's Food Shop.
 29995 | Elf:1    | Found Foubia's Distillery.
 30035 | Elf:1    | Reached skill level 5 in Spellcasting
 30176 | Elf:1    | Identified Unesif's Catalogue of Unholy Rituals
 30182 | Elf:1    | Got a steaming broad axe
 30183 | Elf:1    | Identified the +9 broad axe "Diasin" {chop, rPois SInv}
                  | (You found it on level 1 of the Elven Halls)
 30344 | Elf:2    | Found Tageqoosm's Magic Scroll Emporium.
 30356 | Elf:2    | Bought a scroll of enchant armour for 112 gold pieces
 30387 | Elf:2    | Found a huge runed gate.
 30387 | Elf:2    | Found a huge runed gate.
 30387 | Elf:2    | Found a huge runed gate.
 30387 | Elf:2    | Found a huge runed gate.
 30388 | Elf:2    | Found a huge runed gate.
 30389 | Elf:2    | Found a huge runed gate.
 30393 | Elf:2    | Reached skill level 5 in Translocations
 30400 | Elf:2    | Found a huge runed gate.
 30401 | Elf:2    | Found a huge runed gate.
 30409 | Elf:2    | Found a huge runed gate.
 30413 | Elf:2    | Found a huge runed gate.
 30460 | Elf:2    | Found a huge runed gate.
 30460 | Elf:2    | Found a huge runed gate.
 30460 | Elf:2    | Found a huge runed gate.
 30460 | Elf:2    | Found a huge runed gate.
 30466 | Elf:2    | Found a huge runed gate.
 30484 | Elf:2    | Found a huge runed gate.
 30484 | Elf:2    | Found a huge runed gate.
 30486 | Elf:2    | Found a huge runed gate.
 30495 | Elf:2    | Found a huge runed gate.
 30495 | Elf:2    | Found a huge runed gate.
 30495 | Elf:2    | Found a huge runed gate.
 30496 | Elf:2    | Found a huge runed gate.
 30496 | Elf:2    | Found a huge runed gate.
 30496 | Elf:2    | Found a huge runed gate.
 30497 | Elf:2    | Found a huge runed gate.
 30498 | Elf:2    | Found a huge runed gate.
 30499 | Elf:2    | Found a huge runed gate.
 30516 | Elf:2    | Found a huge runed gate.
 30516 | Elf:2    | Found a huge runed gate.
 30517 | Elf:2    | Found a huge runed gate.
 30523 | Elf:2    | Found a huge runed gate.
 30524 | Elf:2    | Found a huge runed gate.
 30524 | Elf:2    | Found a huge runed gate.
 30590 | Elf:2    | Found a runed gate.
 30590 | Elf:2    | Found a runed gate.
 30590 | Elf:2    | Found a runed gate.
 31322 | Elf:3    | Entered Level 3 of the Elven Halls
 31772 | Elf:3    | Found Ziroj's Book Boutique.
 31863 | Elf:3    | Noticed a Brimstone Fiend
 31906 | Elf:3    | Got a fine platinum ring
 31908 | Elf:3    | Identified the ring "Wuits" {rN++ MR- AC+6 Str+6} (You took
                  | it off a deep elf death mage on level 3 of the Elven Halls)
 31917 | Elf:3    | Reached skill level 5 in Stealth
 31917 | Elf:3    | Reached skill level 1 in Summonings
 31917 | Elf:3    | Reached XP level 21. HP: 115/115 MP: 30/30
 31918 | Elf:3    | Reached XP level 22. HP: 120/120 MP: 31/31
 31920 | Elf:3    | Got a fine gossamer ring
 31922 | Elf:3    | Identified the ring "Nyxeriwe" {rElec MP+9 Str+4 Int+4}
                  | (You took it off a deep elf death mage on level 3 of the
                  | Elven Halls)
 31953 | Elf:3    | Got a pair of spiked boots
 31966 | Elf:3    | Reached XP level 23. HP: 124/124 MP: 32/32
 31982 | Elf:3    | Identified the cursed +1 halberd of Arhaqosk {drain, *Rage
                  | rPois MP+9 Dex+3} (You took it off a deep elf high priest
                  | on level 3 of the Elven Halls)
 31998 | Elf:3    | Identified the cursed +0 pair of boots of Mitiaw {rN+
                  | Stlth+} (You found it on level 3 of the Elven Halls)
 32011 | Elf:3    | Got a scorched bone ring
 32013 | Elf:3    | Identified the cursed ring of Leafos {MR+ Str-2} (You took
                  | it off a deep elf sorcerer on level 3 of the Elven Halls)
 32060 | Elf:3    | Identified the cursed +0 plate armour of Prudence {+Fly
                  | Str-3 Dex+3} (You found it on level 3 of the Elven Halls)
 32167 | Elf:3    | Got a glittering glass ring
 32169 | Elf:3    | Identified the ring of Naryrezo {rCorr Dex+2} (You took it
                  | off a deep elf demonologist on level 3 of the Elven Halls)
 32313 | Orc:2    | Bought a warped chain mail for 304 gold pieces
 32323 | Orc:2    | Identified the +7 chain mail of Vehumet's Hatred {rN+} (You
                  | bought it in a shop on level 2 of the Orcish Mines)
 32434 | Trove    | Entered a treasure trove
 32443 | Trove    | Got a brightly glowing crystal amulet
 32455 | Trove    | Got a translucent pewter ring
 32476 | Trove    | Got a translucent hand crossbow
 32490 | Elf:1    | Identified the ring of the Yeti {rF+ MR+ Str+2 Dex-3
                  | Stlth+} (You found it in a treasure trove)
 32502 | Elf:1    | Identified the amulet of Puceawof {Gourm +Blink rC- MR++
                  | Str+2} (You found it in a treasure trove)
 32506 | Elf:1    | Identified the cursed +0 hand crossbow "Voishruev" {penet,
                  | +Blink rC+++ Int-5 Dex+3} (You found it in a treasure
                  | trove)
 32736 | Vaults:1 | Entered Level 1 of the Vaults
 33979 | Vaults:1 | Paralysed by a floating eye for 4 turns
 34251 | Vaults:1 | Paralysed by a floating eye for 2 turns
 34661 | Vaults:2 | Reached skill level 15 in Fighting
 35149 | Vaults:2 | Found a runed door.
 35153 | Vaults:2 | Noticed Doido's ghost (adept GnFi)
 35171 | Vaults:2 | Killed Doido's ghost
 35701 | Vaults:3 | Reached XP level 24. HP: 132/132 MP: 32/32
 36978 | Vaults:3 | Found a staircase to the Crypt.
 36992 | Crypt:1  | Entered Level 1 of the Crypt
 36995 | Crypt:1  | Noticed an ancient lich
 37016 | Crypt:1  | Killed an ancient lich
 37348 | Crypt:1  | Found a basalt altar of Yredelemnul.
 37868 | Crypt:2  | Found an ancient bone altar of Kikubaaqudgha.
 38118 | Crypt:2  | Reached XP level 25. HP: 138/138 MP: 32/32
 38248 | Crypt:3  | Entered Level 3 of the Crypt
 38273 | Crypt:3  | Noticed Saint Roka
 38307 | Crypt:3  | Killed Saint Roka
 38687 | Crypt:3  | Found a basalt altar of Yredelemnul.
 38883 | Crypt:3  | Got a faintly glowing silver ring
 38884 | Crypt:3  | Identified the ring "Biqarocw" {rElec Stlth+} (You took it
                  | off a death knight on level 3 of the Crypt)
 38886 | Crypt:3  | Got a dazzling plate armour
 38887 | Crypt:3  | Identified the +8 plate armour "Qonitiah" {rF+} (You took
                  | it off a death knight on level 3 of the Crypt)
 39215 | Crypt:3  | Found a staircase to the Tomb.
 39215 | Crypt:3  | Noticed a greater mummy
 39230 | Crypt:3  | Killed a greater mummy
 39253 | Crypt:3  | Got a twitching lead ring
 39255 | Crypt:3  | Identified the ring "Nuwkou" {rF+ Int+3} (You found it on
                  | level 3 of the Crypt)
 39646 | Crypt:3  | Identified the Handbook of the Lucky Volcanoes
 39907 | Vaults:4 | Noticed Jory
 39930 | Vaults:4 | Killed Jory
 40023 | Vaults:4 | Noticed Mennas
 40047 | Vaults:4 | Killed Mennas
 40173 | Vaults:4 | Found Xame's General Store.
 40424 | Vaults:4 | Noticed Margery
 40440 | Vaults:4 | Killed Margery
 40558 | Vaults:4 | Reached XP level 26. HP: 145/145 MP: 32/32
 40970 | Vaults:5 | Entered Level 5 of the Vaults
 40989 | Vaults:5 | Noticed an ancient lich
 40997 | Vaults:5 | Noticed an ancient lich
 41013 | Vaults:5 | Killed an ancient lich
 41020 | Vaults:5 | Killed an ancient lich
 41092 | Vaults:5 | Gained mutation: You are dopey. (Int -2) [a neqoxec]
 41239 | Vaults:5 | Reached XP level 27. HP: 152/152 MP: 32/32
 41261 | Vaults:5 | Got a flickering iron amulet
 41262 | Vaults:5 | Identified the amulet "Adeuq" {Gourm rC+ Int+4 SInv} (You
                  | took it off a fire giant on level 5 of the Vaults)
 41288 | Vaults:5 | Got a scintillating granite ring
 41290 | Vaults:5 | Identified the ring of Degita {+Fly Int+6} (You took it off
                  | a vault sentinel on level 5 of the Vaults)
 41938 | Vaults:5 | Identified the Volume of Ignition and Protection
 42027 | Vaults:5 | Identified the +3 leather armour "Wogih" {*Slow rElec
                  | Str+5} (You found it on level 5 of the Vaults)
 42191 | Vaults:5 | Got a silver rune of Zot
 42366 | Vaults:5 | Got a warped hunting sling
 42367 | Vaults:5 | Identified the +7 hunting sling of Patterns {speed, rPois
                  | rC+} (You took it off an ironheart preserver on level 5 of
                  | the Vaults)
 42641 | Depths:1 | Entered Level 1 of the Depths
 42678 | Depths:1 | Found a gateway to Hell.
 42813 | Depths:1 | Found a flickering gateway to a bazaar.
 42836 | Bazaar   | Entered a bazaar
 42855 | Bazaar   | Found Tahuj's Antique Weapon Emporium.
 42867 | Bazaar   | Found Feint's Magic Scroll Emporium.
 42872 | Bazaar   | Bought a scroll of enchant armour for 142 gold pieces
 42913 | Bazaar   | Found Fiyruck's General Store.
 42939 | Bazaar   | Found Miru's Weapon Emporium.
 43000 | Bazaar   | Found Xioli's Weapon Shoppe.
 43024 | Bazaar   | Bought a scroll of enchant weapon for 142 gold pieces
 43024 | Bazaar   | Bought a scroll of remove curse for 57 gold pieces
 43024 | Bazaar   | Bought a scroll of teleportation for 57 gold pieces
 43024 | Bazaar   | Bought 2 scrolls of magic mapping for 133 gold pieces
 43024 | Bazaar   | Bought a scroll of remove curse for 57 gold pieces
 43024 | Bazaar   | Bought a scroll of identify for 38 gold pieces
 43024 | Bazaar   | Bought a scroll of teleportation for 57 gold pieces
 43024 | Bazaar   | Bought a scroll of remove curse for 57 gold pieces
 43693 | Depths:2 | Found Doarochu's Antique Weapon Shoppe.
 44189 | Depths:3 | Found a gateway to a ziggurat.
 44363 | Depths:3 | Noticed a juggernaut
 44383 | Depths:3 | Killed a juggernaut
 45324 | Depths:4 | Found a one-way gate to the infinite horrors of the Abyss.
 45336 | Depths:4 | Voluntarily entered the Abyss.
 45696 | Abyss:2  | Gained mutation: Scrolls take you a little longer to read.
                  | [a neqoxec]
 45696 | Abyss:2  | Gained mutation: You are frail. (-10% HP) [a neqoxec]
 45699 | Abyss:2  | Gained mutation: You are occasionally teleported next to
                  | monsters. [a neqoxec]
 45718 | Abyss:2  | Found a snail-covered altar of Cheibriados.
 46095 | Abyss:2  | Gained mutation: You are clumsy. (Dex -2) [a neqoxec]
 46223 | Abyss:3  | Found a transporter.
 46231 | Abyss:3  | Found a corrupted altar of Lugonu.
 46236 | Abyss:3  | Paralysed by accursed screaming for 1 turns
 46239 | Abyss:3  | Found a transporter.
 46256 | Abyss:3  | Paralysed by accursed screaming for 1 turns
 46281 | Abyss:3  | Got a vibrating steel ring
 46283 | Abyss:3  | Identified the ring "Goaptyggu" {*Drain rN++ MP+9 Stlth+}
                  | (You found it on level 3 of the Abyss)
 46310 | Abyss:3  | Identified the cursed +1 leather armour of the Butterfly
                  | {Str-5 Dex+6} (You found it on level 3 of the Abyss)
 46539 | Abyss:5  | Entered Level 5 of the Abyss
 46662 | Abyss:5  | Gained mutation: You are very dopey. (Int -4) [a neqoxec]
 46903 | Abyss:5  | Gained mutation: Scrolls take you longer to read. [a
                  | cacodemon]
 47061 | Abyss:5  | Paralysed by accursed screaming for 1 turns
 47072 | Abyss:5  | Paralysed by you for 4 turns
 47092 | Abyss:5  | Paralysed by accursed screaming for 1 turns
 47096 | Abyss:5  | Paralysed by accursed screaming for 2 turns
 47108 | Abyss:5  | Got an abyssal rune of Zot
 47132 | Depths:4 | Escaped the Abyss
 47134 | Depths:4 | Lost mutation: Scrolls take you longer to read. [potion of
                  | mutation]
 47134 | Depths:4 | Lost mutation: You are frail. (-10% HP) [potion of
                  | mutation]
 47134 | Depths:4 | Lost mutation: Scrolls take you a little longer to read.
                  | [potion of mutation]
 47134 | Depths:4 | Gained mutation: Scrolls take you a little longer to read.
                  | [potion of mutation]
 47134 | Depths:4 | Gained mutation: You have a pair of small horns on your
                  | head. [potion of mutation]
 47437 | Slime:1  | Entered Level 1 of the Pits of Slime
 47498 | Slime:2  | Lost mutation: Your spells are a little easier to cast, but
                  | a little less powerful. [a shining eye]
 47528 | Slime:3  | Gained mutation: You are frail. (-10% HP) [a shining eye]
 47529 | Slime:3  | Gained mutation: Your body sometimes deteriorates upon
                  | taking damage. [a shining eye]
 47566 | Slime:4  | Gained mutation: You are very clumsy. (Dex -4) [a shining
                  | eye]
 47601 | Slime:5  | Entered Level 5 of the Pits of Slime
 47650 | Slime:5  | Noticed the Royal Jelly
 47651 | Slime:5  | Found a viscous altar of Jiyva.
 47728 | Slime:4  | Gained mutation: You tend to lose your temper in combat. [a
                  | shining eye]
 47740 | Slime:4  | Gained mutation: Armour fits poorly on your strangely
                  | shaped body. [a shining eye]
 47798 | Slime:5  | Killed the Royal Jelly
 47910 | Slime:5  | Learned a level 5 spell: Aura of Abjuration
 47914 | Slime:5  | Identified the +5 chain mail of the Sunfish {rElec rPois
                  | rCorr} (You found it on level 5 of the Pits of Slime)
 48009 | Slime:5  | Got a fine war axe
 48012 | Slime:5  | Identified the +6 war axe "Nelos" {chop, *Rage MR+ Int+6
                  | Dex+3} (You found it on level 5 of the Pits of Slime)
 48025 | Slime:5  | Got a slimy rune of Zot
 48029 | Slime:5  | Got a crude lead amulet
 48032 | Slime:5  | Identified the amulet "Beadgh" {Acrobat rElec Int+3 SInv}
                  | (You found it on level 5 of the Pits of Slime)
 48129 | Lair:6   | Lost mutation: You are very dopey. (Int -4) [potion of
                  | mutation]
 48129 | Lair:6   | Lost mutation: Scrolls take you a little longer to read.
                  | [potion of mutation]
 48129 | Lair:6   | Lost mutation: You are very clumsy. (Dex -4) [potion of
                  | mutation]
 48129 | Lair:6   | Lost mutation: You tend to lose your temper in combat.
                  | [potion of mutation]
 48129 | Lair:6   | Gained mutation: You are very frail. (-20% HP) [potion of
                  | mutation]
 48129 | Lair:6   | Gained mutation: You occasionally shout uncontrollably at
                  | your foes. [potion of mutation]
 48129 | Lair:6   | Gained mutation: You have a pair of horns on your head.
                  | [potion of mutation]
 48130 | Lair:6   | Lost mutation: Armour fits poorly on your strangely shaped
                  | body. [potion of mutation]
 48130 | Lair:6   | Lost mutation: You are very frail. (-20% HP) [potion of
                  | mutation]
 48130 | Lair:6   | Lost mutation: You occasionally shout uncontrollably at
                  | your foes. [potion of mutation]
 48130 | Lair:6   | Gained mutation: You evolve. [potion of mutation]
 48131 | Lair:6   | Lost mutation: You evolve. [potion of mutation]
 48131 | Lair:6   | Lost mutation: You are dopey. (Int -2) [potion of mutation]
 48131 | Lair:6   | Gained mutation: You passively map a small area around you.
                  | [potion of mutation]
 48131 | Lair:6   | Gained mutation: You are partially covered in yellow
                  | scales. (AC +2) [potion of mutation]
 48404 | Elf:1    | Bought a potion of mutation for 96 gold pieces
 48404 | Elf:1    | Lost mutation: You passively map a small area around you.
                  | [potion of mutation]
 48404 | Elf:1    | Lost mutation: You are frail. (-10% HP) [potion of
                  | mutation]
 48404 | Elf:1    | Lost mutation: You are partially covered in yellow scales.
                  | (AC +2) [potion of mutation]
 48404 | Elf:1    | Gained mutation: You possess an exceptional clarity of
                  | mind. [potion of mutation]
 48404 | Elf:1    | Gained mutation: Your system is resistant to poisons.
                  | (rPois) [potion of mutation]
 48759 | Depths:4 | Noticed the Enchantress
 48783 | Depths:4 | Killed the Enchantress
 48877 | Depths:4 | Identified the +4 faerie dragon scales {Regen+ rCorr} (You
                  | took it off the Enchantress on level 4 of the Depths)
 48900 | Depths:4 | Got a warped turquoise ring
 48979 | Depths:4 | Identified the cursed +0 chain mail of the Alphagorgon {rF+
                  | Int+9 Dex-2} (You found it on level 4 of the Depths)
 48981 | Depths:4 | Identified the cursed ring of Ecsitose {AC-3 Int+2} (You
                  | took it off a spriggan berserker on level 4 of the Depths)
 49073 | Depths:4 | Noticed an ancient lich
 49083 | Depths:4 | Killed an ancient lich
 49245 | Depths:4 | Reached skill level 5 in Summonings
 49288 | Depths:4 | Identified the +2 whip "Ceeboshro" {speed, +Blink rElec rF+
                  | Dex+2} (You found it on level 4 of the Depths)
 49589 | Depths:4 | Identified the +8 battleaxe of Bloody Death {flame, +Rage
                  | rF+ Str+3} (You found it on level 4 of the Depths)
 49734 | Depths:4 | Found Lageuzat's Distillery.
 49745 | Depths:4 | Bought a potion of haste for 190 gold pieces
 49745 | Depths:4 | Bought a potion of might for 76 gold pieces
 49745 | Depths:4 | Bought a potion of curing for 57 gold pieces
 49745 | Depths:4 | Bought a potion of mutation for 152 gold pieces
 49745 | Depths:4 | Bought a potion of haste for 190 gold pieces
 49900 | Depths:5 | Entered Level 5 of the Depths
 50338 | Depths:5 | Found a gate to the Realm of Zot.
 50822 | Pan      | Entered Pandemonium
 51356 | Pan      | Noticed Uneacke the pandemonium lord
 51419 | Pan      | Noticed Ginosurph the pandemonium lord
 51447 | Pan      | Killed Ginosurph the pandemonium lord
 51570 | Pan      | Entered the realm of Mnoleg.
 51582 | Pan      | Gained mutation: You are weak. (Str -2) [a neqoxec]
 51583 | Pan      | Gained mutation: You occasionally shout uncontrollably at
                  | your foes. [a neqoxec]
 51590 | Pan      | Lost mutation: You possess an exceptional clarity of mind.
                  | [a neqoxec]
 51591 | Pan      | Gained mutation: You are resistant to electric shocks.
                  | (rElec) [a neqoxec]
 51661 | Pan      | Noticed Mnoleg
 51675 | Pan      | Gained mutation: You are very weak. (Str -4) [a neqoxec]
 51678 | Pan      | Gained mutation: Your magical capacity is low. (-10% MP)
                  | [Mnoleg's mutagenic touch]
 51702 | Pan      | Gained mutation: You are dopey. (Int -2) [Mnoleg's
                  | mutagenic touch]
 51716 | Pan      | Killed Mnoleg
 51716 | Pan      | Reached skill level 10 in Spellcasting
 51764 | Pan      | Lost mutation: Your body sometimes deteriorates upon taking
                  | damage. [a cacodemon]
 51865 | Pan      | Gained mutation: Your spells are a little easier to cast,
                  | but a little less powerful. [a shining eye]
 51885 | Pan      | Gained mutation: Your magical capacity is very low. (-20%
                  | MP) [a cacodemon]
 51965 | Pan      | Gained mutation: Scrolls take you a little longer to read.
                  | [a neqoxec]
 52040 | Pan      | Got a glowing rune of Zot
 52111 | Pan      | Gained mutation: Scrolls take you longer to read. [a
                  | cacodemon]
 52353 | Pan      | Noticed Luseux the pandemonium lord
 52403 | Pan      | HP: 3/175 [sun demon[a balrug] (7)]
 52408 | Pan      | HP: 8/175 [sun demon[a balrug] (3)]
 52515 | Pan      | Got a demonic rune of Zot
 52788 | Pan      | Entered the realm of Lom Lobon.
 52788 | Pan      | Noticed Lom Lobon
 52808 | Pan      | Killed Lom Lobon
 52885 | Pan      | Reached skill level 10 in Summonings
 53311 | Pan      | Got a magical rune of Zot
 53445 | Pan      | Entered the realm of Gloorx Vloq.
 53608 | Pan      | Noticed Gloorx Vloq
 53625 | Pan      | Killed Gloorx Vloq
 53649 | Pan      | Got a dark rune of Zot
 53882 | Pan      | Noticed Balebbio the pandemonium lord
 54091 | Pan      | Identified the +4 morningstar of Inconvenience {flame,
                  | Str+2 Dex+2} (You found it in Pandemonium)
 54244 | Pan      | Noticed Nomiej the pandemonium lord
 54246 | Pan      | Gained mutation: You tend to lose your temper in combat. [a
                  | neqoxec]
 54260 | Pan      | Killed Nomiej the pandemonium lord
 54329 | Pan      | Entered the realm of Cerebov.
 54388 | Pan      | Reached skill level 10 in Invocations
 54781 | Pan      | Noticed Cerebov
 54826 | Pan      | Killed Cerebov
 54833 | Pan      | Identified the +1 ring mail of Inevitability {rPois rC+
                  | Str-3} (You took it off a red devil in Pandemonium)
 54843 | Pan      | Got a brightly glowing amethyst amulet
 54846 | Pan      | Identified the amulet of Jesig {Faith Dex+4 Slay+3} (You
                  | took it off a balrug in Pandemonium)
 54848 | Pan      | Identified the amulet of Hefij {Faith rF+ Str+4 Slay-4}
                  | (You took it off a balrug in Pandemonium)
 54891 | Pan      | Identified the Reference Book on Toxins and Changing
 54904 | Pan      | Got a flickering amber ring
 54906 | Pan      | Identified the ring of Esiz {+Inv rPois Dex+2} (You found
                  | it in Pandemonium)
 54916 | Pan      | Identified the +1 scale mail of the Stars {Dex+3} (You
                  | found it in Pandemonium)
 54943 | Pan      | Got a scintillating amethyst amulet
 54951 | Pan      | Identified the amulet "Vibreri" {RegenMP rPois Dex+4} (You
                  | took it off a balrug in Pandemonium)
 54958 | Pan      | Got a pair of ichor-stained gloves
 54969 | Pan      | Identified the +2 pair of gloves of the Locust {Regen+
                  | rCorr Str+4} (You found it in Pandemonium)
 54971 | Pan      | Identified Sif Muna's Disquisition on Creative Flight
 54977 | Pan      | Identified the cursed +0 plate armour of Tempters {Dex+4}
                  | (You found it in Pandemonium)
 54981 | Pan      | Identified the +1 ring mail of the Grue {rF+ rCorr Dex+2}
                  | (You found it in Pandemonium)
 55003 | Pan      | Got a fiery rune of Zot
 55344 | Pan      | Noticed Kiefear the pandemonium lord
 55377 | Pan      | Killed Kiefear the pandemonium lord
 56072 | Pan      | Noticed Piohices the pandemonium lord
 56086 | Pan      | Killed Piohices the pandemonium lord
 56101 | Pan      | Gained mutation: Your magical capacity is extremely low.
                  | (-30% MP) [a cacodemon]
 56110 | Depths:3 | Escaped Pandemonium
 56114 | Depths:3 | Lost mutation: Your magical capacity is extremely low.
                  | (-30% MP) [potion of mutation]
 56114 | Depths:3 | Lost mutation: You tend to lose your temper in combat.
                  | [potion of mutation]
 56114 | Depths:3 | Lost mutation: You occasionally shout uncontrollably at
                  | your foes. [potion of mutation]
 56114 | Depths:3 | Lost mutation: You have a pair of horns on your head.
                  | [potion of mutation]
 56114 | Depths:3 | Lost mutation: You are very weak. (Str -4) [potion of
                  | mutation]
 56114 | Depths:3 | Gained mutation: You passively map a small area around you.
                  | [potion of mutation]
 56124 | Depths:3 | Upgraded the game from 0.22.1-2-g9c5b331 to
                  | 0.22.1-5-g62c59d9
 56169 | Hell     | Entered the Vestibule of Hell
 56169 | Hell     | Noticed Geryon
 56197 | Hell     | Killed Geryon
 56331 | Hell     | Found a gateway to the Iron City of Dis.
 56418 | Hell     | Found a gateway to the ashen valley of Gehenna.
 56526 | Hell     | Found a gateway to the decaying netherworld of Tartarus.
 56621 | Hell     | Found a gateway to the freezing wastes of Cocytus.
 56749 | Coc:1    | Entered Level 1 of Cocytus
 57311 | Coc:4    | You fall through a shaft!
 57362 | Coc:5    | Noticed an ancient lich
 57382 | Coc:5    | Killed an ancient lich
 57664 | Coc:7    | Entered Level 7 of Cocytus
 57808 | Coc:7    | Noticed the Serpent of Hell
 57839 | Coc:7    | Killed the Serpent of Hell
 57839 | Coc:7    | Reached skill level 27 in Shields
 57949 | Coc:7    | Reached skill level 10 in Dodging
 58004 | Coc:7    | Noticed Antaeus
 58041 | Coc:7    | Killed Antaeus
 58166 | Coc:7    | Identified the cursed +0 chain mail of Isazif {Int+2 Dex+3}
                  | (You found it on level 7 of Cocytus)
 58214 | Coc:7    | Got an icy rune of Zot
 58439 | Dis:1    | Entered Level 1 of the Iron City of Dis
 58633 | Dis:1    | Reached skill level 15 in Spellcasting
 58786 | Dis:2    | Learned a level 6 spell: Shadow Creatures
 59627 | Dis:7    | Entered Level 7 of the Iron City of Dis
 59942 | Dis:7    | Identified the ring "Liuttom" {rElec rF+ rC+ Int+3 Dex+7
                  | Stlth-} (You found it on level 7 of the Iron City of Dis)
 60044 | Dis:7    | Identified the ring of the Lich-sworn {rF+ rN+ SInv} (You
                  | took it off an iron imp on level 7 of the Iron City of Dis)
 60168 | Dis:7    | Found the +9 staff of Olgreb {rPois}
 60516 | Dis:7    | Noticed Dispater
 60523 | Dis:7    | Reached skill level 15 in Summonings
 60555 | Dis:7    | Killed Dispater
 60567 | Dis:7    | Found the amulet of the Four Winds {rN+ MR+++ Clar}
 60571 | Dis:7    | Got an iron rune of Zot
 60786 | Geh:1    | Entered Level 1 of Gehenna
 61226 | Geh:4    | Reached skill level 15 in Armour
 61453 | Geh:5    | You fall through a shaft!
 61518 | Geh:7    | Entered Level 7 of Gehenna
 61696 | Geh:7    | Got a wavering turquoise ring
 61702 | Geh:7    | Identified the ring "Welen" {*Tele Str+2} (You found it on
                  | level 7 of Gehenna)
 61706 | Geh:7    | Got a flickering emerald amulet
 61709 | Geh:7    | Identified the amulet "Ecvewk" {Harm *Drain rC+ Int+3
                  | Dex+4} (You found it on level 7 of Gehenna)
 61800 | Geh:7    | Reached skill level 15 in Invocations
 62126 | Geh:7    | Noticed Asmodeus
 62171 | Geh:7    | Killed Asmodeus
 62219 | Geh:7    | Got an obsidian rune of Zot
 62429 | Tar:1    | Entered Level 1 of Tartarus
 62915 | Tar:6    | Reached skill level 10 in Translocations
 63225 | Tar:7    | Entered Level 7 of Tartarus
 63923 | Tar:7    | Identified the +9 fustibalus of Guilt {speed, Dex+2} (You
                  | found it on level 7 of Tartarus)
 63934 | Tar:7    | Identified the Reference Book on Transmigration and Stones
 64119 | Tar:7    | Identified the +3 leather armour "Myexuri" {rElec SInv
                  | Stlth+} (You found it on level 7 of Tartarus)
 64219 | Tar:7    | Got a twitching wooden ring
 64221 | Tar:7    | Identified the ring "Huopp" {rCorr *Contam +Inv rElec rF+
                  | MR+} (You found it on level 7 of Tartarus)
 64547 | Tar:7    | Got a faintly glowing arbalest
 65765 | Tar:7    | Noticed Ereshkigal
 65806 | Tar:7    | Killed Ereshkigal
 65812 | Tar:7    | Identified the +8 chain mail of Cakeuseg {rF+ SInv} (You
                  | took it off a skeletal warrior on level 7 of Tartarus)
 65820 | Tar:7    | Got a bone rune of Zot
 65938 | Zig:1    | Entered Level 1 of a ziggurat
 65973 | Zig:2    | Entered Level 2 of a ziggurat
 66000 | Zig:3    | Entered Level 3 of a ziggurat
 66065 | Zig:4    | Entered Level 4 of a ziggurat
 66081 | Zig:4    | Got a translucent copper ring
 66083 | Zig:4    | Identified the ring "Don Cick" {rCorr rF- rC+ Stlth+} (You
                  | found it on level 4 of a ziggurat)
 66097 | Zig:5    | Entered Level 5 of a ziggurat
 66130 | Zig:5    | Identified the +2 chain mail "Wialaos" {rPois rC+++ Stlth-}
                  | (You found it on level 5 of a ziggurat)
 66153 | Zig:6    | Entered Level 6 of a ziggurat
 66207 | Zig:6    | Lost mutation: You are clumsy. (Dex -2) [potion of
                  | mutation]
 66207 | Zig:6    | Lost mutation: Your magical capacity is very low. (-20% MP)
                  | [potion of mutation]
 66207 | Zig:6    | Gained mutation: You tend to lose your temper in combat.
                  | [potion of mutation]
 66207 | Zig:6    | Gained mutation: You have a pair of horns on your head.
                  | [potion of mutation]
 66209 | Zig:7    | Entered Level 7 of a ziggurat
 66242 | Zig:7    | Got a translucent war axe
 66243 | Zig:7    | Identified the +2 war axe "Reuc" {elec, rF+++ rN++ Int-2
                  | SInv} (You found it on level 7 of a ziggurat)
 66248 | Zig:7    | Got an iridescent war axe
 66249 | Zig:7    | Identified the +4 war axe "Ogre's Bane" {drain, +Rage
                  | Stlth+} (You found it on level 7 of a ziggurat)
 66259 | Zig:8    | Entered Level 8 of a ziggurat
 66312 | Zig:8    | Learned a level 8 spell: Death's Door
 66346 | Zig:9    | Entered Level 9 of a ziggurat
 66401 | Zig:9    | Identified the +6 scale mail "Wanecam" {rElec} (You found
                  | it on level 9 of a ziggurat)
 66424 | Zig:10   | Entered Level 10 of a ziggurat
 66436 | Zig:10   | Reached skill level 1 in Necromancy
 66443 | Zig:10   | Reached skill level 1 in Charms
 66465 | Zig:10   | Got a crystal broad axe
 66466 | Zig:10   | Identified the +7 broad axe of Satyriasis {chop, Str+5}
                  | (You found it on level 10 of a ziggurat)
 66512 | Zig:11   | Entered Level 11 of a ziggurat
 66586 | Zig:12   | Entered Level 12 of a ziggurat
 66610 | Zig:12   | Reached skill level 27 in Axes
 66635 | Zig:12   | Learned a level 5 spell: Summon Forest
 66643 | Zig:12   | Learned a level 7 spell: Summon Hydra
 66686 | Zig:12   | Identified Tiarolec's Volume of Icy Toxins
 66697 | Zig:13   | Entered Level 13 of a ziggurat
 66760 | Zig:13   | Identified the amulet "Lutosm" {Regen+ Str+4 Stlth+} (You
                  | found it on level 13 of a ziggurat)
 66793 | Zig:14   | Entered Level 14 of a ziggurat
 66858 | Zig:14   | Identified the Reference Book on Helpful Translocation
 66871 | Zig:14   | Got a crystal war axe
 66872 | Zig:14   | Identified the +9 war axe of Bankruptcy {freeze, rC+
                  | Stlth+} (You found it on level 14 of a ziggurat)
 66903 | Zig:15   | Entered Level 15 of a ziggurat
 66921 | Zig:15   | Noticed a greater mummy
 66922 | Zig:15   | Noticed a greater mummy
 66922 | Zig:15   | Noticed a greater mummy
 66922 | Zig:15   | Noticed a greater mummy
 66924 | Zig:15   | Noticed a greater mummy
 66928 | Zig:15   | Noticed a greater mummy
 66940 | Zig:15   | HP: 2/169 [mummy priest/divine providence (8)]
 66945 | Zig:15   | HP: 1/169 [greater mummy/divine providence (7)]
 66952 | Zig:15   | HP: 6/169 [greater mummy/divine providence (3)]
 66972 | Zig:15   | Killed a greater mummy
 66974 | Zig:15   | Killed a greater mummy
 66980 | Zig:15   | Killed a greater mummy
 66981 | Zig:15   | Killed a greater mummy
 66986 | Zig:15   | Killed a greater mummy
 66997 | Zig:15   | Killed a greater mummy
 67020 | Zig:15   | Identified the Volume of Shifting Orientation
 67040 | Zig:15   | Learned a level 8 spell: Borgnjor's Revivification
 67060 | Zig:15   | Lost mutation: Your spells are a little easier to cast, but
                  | a little less powerful. [potion of mutation]
 67060 | Zig:15   | Lost mutation: Your magical capacity is low. (-10% MP)
                  | [potion of mutation]
 67060 | Zig:15   | Lost mutation: You are weak. (Str -2) [potion of mutation]
 67060 | Zig:15   | Gained mutation: You expend magic power (3 MP) to
                  | strengthen your wands. [potion of mutation]
 67108 | Zig:16   | Entered Level 16 of a ziggurat
 67162 | Zig:16   | Got a bloodstained shield
 67173 | Zig:16   | Identified the +2 shield of Life {Int+4} (You found it on
                  | level 16 of a ziggurat)
 67193 | Zig:16   | Got a flickering steel ring
 67197 | Zig:16   | Identified the Collected Works on Flying Attacks
 67208 | Zig:16   | Identified the Incunabulum of the Ghastly Traveller
 67226 | Zig:16   | Identified the ring of Ytuasail {Wiz rPois Str+3} (You
                  | found it on level 16 of a ziggurat)
 67279 | Zig:16   | Identified a +1 pair of boots of running (You acquired it
                  | on level 16 of a ziggurat)
 67293 | Zig:17   | Entered Level 17 of a ziggurat
 67318 | Zig:17   | Reached skill level 5 in Necromancy
 67412 | Zig:17   | Found the +7 lajatang of Order {silver, rMut}
 67417 | Zig:17   | Identified the Collected Works on Hexes and the Rocks
 67419 | Zig:17   | Identified the Volume of Shape Shifting and Blows and
                  | Bruises
 67467 | Zig:18   | Entered Level 18 of a ziggurat
 67491 | Zig:18   | Reached skill level 5 in Charms
 67593 | Zig:19   | Entered Level 19 of a ziggurat
 67610 | Zig:19   | Noticed a juggernaut
 67624 | Zig:19   | Noticed a juggernaut
 67629 | Zig:19   | Killed a juggernaut
 67637 | Zig:19   | Gained mutation: Your magical capacity is low. (-10% MP) [a
                  | neqoxec]
 67650 | Zig:19   | Killed a juggernaut
 67694 | Zig:19   | Found the macabre finger necklace {rN+}
 67706 | Zig:19   | Identified the Disquisition on Ice and the Blaze
 67712 | Zig:19   | Identified the ring "Moalanin" {MP+9 Str+2 Int-4 Dex+8}
                  | (You found it on level 19 of a ziggurat)
 67728 | Zig:19   | Reached skill level 1 in Throwing
 67728 | Zig:19   | Reached skill level 1 in Air Magic
 67748 | Zig:19   | Identified the cursed +0 chain mail of the Commoners {rElec
                  | rC++} (You found it on level 19 of a ziggurat)
 67753 | Zig:19   | Lost mutation: Scrolls take you longer to read. [potion of
                  | mutation]
 67753 | Zig:19   | Lost mutation: You tend to lose your temper in combat.
                  | [potion of mutation]
 67753 | Zig:19   | Lost mutation: You passively map a small area around you.
                  | [potion of mutation]
 67753 | Zig:19   | Lost mutation: Your magical capacity is low. (-10% MP)
                  | [potion of mutation]
 67753 | Zig:19   | Gained mutation: You are weak. (Str -2) [potion of
                  | mutation]
 67753 | Zig:19   | Gained mutation: You can translocate small distances at
                  | will. [potion of mutation]
 67800 | Zig:20   | Entered Level 20 of a ziggurat
 67818 | Zig:20   | Noticed a greater mummy
 67821 | Zig:20   | Noticed a greater mummy
 67822 | Zig:20   | Noticed a greater mummy
 67824 | Zig:20   | Noticed a greater mummy
 67843 | Zig:20   | Killed a greater mummy
 67843 | Zig:20   | Killed a greater mummy
 67845 | Zig:20   | Killed a greater mummy
 67856 | Zig:20   | Killed a greater mummy
 67919 | Zig:20   | Identified the Handbook of Aid and Transmigration
 67926 | Zig:20   | Identified the ring "Dyojimid" {Fire Int+4 Slay-4} (You
                  | found it on level 20 of a ziggurat)
 67986 | Zig:21   | Entered Level 21 of a ziggurat
 68026 | Zig:21   | Noticed Cyac the pandemonium lord
 68042 | Zig:21   | HP: 8/172 [torturous warmonger/glaive of flaming (9)]
 68042 | Zig:21   | Killed from afar by a smoke demon

Skill      XL: |  1  2  3  4  5  6  7  8  9 10 11 12 13 14 15 16 17 18 19 20 21 22 23 24 25 26 27 |
---------------+----------------------------------------------------------------------------------+-----
Fighting       | 3 4 5 6 7 9 10 11 12 13 14 15 16 17 18 26 | 26.3
Axes           | 2 4 6 7 8 9 10 11 12 13 14 15 16 17 18 19 20 21 27 | 27.0
Shields        | 3 4 5 6 7 9 10 11 12 13 14 15 16 17 18 19 20 21 27 | 27.0
Armour         | 3 4 5 6 7 8 9 10 11 12 13 17 | 17.4
Dodging        | 1 2 3 4 5 6 10 | 10.7
Spellcasting   | 1 4 5 19 | 19.0
Translocations | 1 3 4 5 13 | 13.9
Stealth        | 1 2 5 6 8 |  8.2
Invocations    | 1 2 3 4 5 6 8 9 18 | 18.0
Evocations     | 1 2 |  2.7
Summonings     | 1 18 | 18.5
Necromancy     | 7 |  7.4
Charms         | 7 |  7.0
Throwing       | 1 |  1.3
Air Magic      | 1 |  1.4

Action                   |  1- 3 |  4- 6 |  7- 9 | 10-12 | 13-15 | 16-18 | 19-21 | 22-24 | 25-27 || total
-------------------------+-------+-------+-------+-------+-------+-------+-------+-------+-------++-------
Melee: War axe           |    97 |   183 |   439 |    44 |       |       |       |       |       ||   763
       Bite              |    22 |    52 |   143 |   344 |   704 |   560 |   395 |   543 |  3912 ||  6675
       Hand axe          |       |       |       |   795 |   964 |    11 |       |       |       ||  1770
       Broad axe         |       |       |       |       |   318 |  1077 |   792 |   940 |  7032 || 10159
       Headbutt          |       |       |       |       |       |       |       |       |  2022 ||  2022
Throw: Tomahawk          |       |     1 |       |     2 |       |       |       |       |       ||     3
 Cast: Blink             |       |       |       |       |     3 |       |    13 |       |     5 ||    21
       Apportation       |       |       |       |       |       |       |     1 |       |     2 ||     3
       Aura of Abjuratio |       |       |       |       |       |       |       |       |    67 ||    67
       Summon Forest     |       |       |       |       |       |       |       |       |     7 ||     7
       Shadow Creatures  |       |       |       |       |       |       |       |       |     5 ||     5
       Summon Small Mamm |       |       |       |       |       |       |       |       |     1 ||     1
Invok: Minor Destruction |       |       |     1 |    36 |    62 |    46 |    87 |     6 |    31 ||   269
       Lesser Servant of |       |       |       |     2 |     6 |     2 |     5 |       |     5 ||    20
       Major Destruction |       |       |       |       |       |       |     6 |       |    32 ||    38
Evoke: Wand              |       |       |       |       |     8 |       |     6 |       |    16 ||    30
  Use: Scroll            |       |     2 |       |    22 |    10 |     8 |     8 |    11 |    59 ||   120
       Potion            |       |       |     3 |    10 |     2 |     5 |     3 |       |    34 ||    57
 Stab: Distracted        |       |       |       |     1 |       |       |       |     1 |    16 ||    18
       Invisible         |       |       |       |       |       |     4 |    15 |       |       ||    19
       Sleeping          |       |       |       |       |       |       |       |       |     4 ||     4
       Paralysed         |       |       |       |       |       |       |       |       |     2 ||     2
       Petrifying        |       |       |       |       |       |       |       |       |     1 ||     1
  Eat: Chunk             |     1 |     6 |    12 |    16 |    26 |    23 |    21 |    18 |    65 ||   188
       Ration            |       |       |       |     2 |       |     1 |       |     1 |    19 ||    23
Armor: Scale mail        |    45 |    66 |   110 |    31 |       |    37 |       |       |       ||   289
       Chain mail        |       |       |     7 |       |       |    20 |   255 |   207 |    40 ||   529
       Ring mail         |       |       |    17 |    54 |       |       |       |       |       ||    71
       Plate armour      |       |       |       |   240 |   666 |   326 |       |       |  2292 ||  3524
       Acid dragon scale |       |       |       |       |       |       |       |       |   330 ||   330
Dodge: Dodged            |    32 |    56 |   147 |   175 |   242 |   171 |   146 |   146 |  2341 ||  3456
Block: Shield            |    74 |   108 |   231 |   121 |       |       |       |       |       ||   534
       Large shield      |       |       |       |   536 |  1463 |  1518 |  1055 |  1093 | 10916 || 16581
